 Dungeon Crawl Stone Soup version 0.17-a0-1575-g9a29ec8 (webtiles) character file.

144 urechis the Cudgeler (level 5, -2/57 HPs)
             Began as an Ogre Fighter on July 26, 2015.
             Killed from afar by Natasha (10 damage)
             ... with a magic dart
             ... on level 3 of the Dungeon.
             The game lasted 00:03:55 (1822 turns).

urechis the Cudgeler (Ogre Fighter)                 Turns: 1822, Time: 00:03:55

Health: -2/57      AC:  3    Str: 21    XL:     5   Next: 27%
Magic:  5/5        EV:  8    Int:  7    God:
Gold:   134        SH:  8    Dex: 10    Spells: 0 memorised, 4 levels left

rFire  . . .     SeeInvis .     a - +0 flail
rCold  . . .     Clarity  .     b - +0 robe
rNeg   . . .     SustAt   .     c - +0 shield
rPois  .         Gourm    .     (helmet restricted)
rElec  .         Spirit   .     (no cloak)
rCorr  .         Warding  .     (gloves unavailable)
rMut   .         Stasis   .     (boots unavailable)
MR     .....                    (no amulet)
Stlth  +.........               (no ring)
                                (no ring)

@: slowed, very slow, not resistant to hostile enchantments, very unstealthy
A: unfitting armour, tough skin 1
a: no special abilities


You were on level 3 of the Dungeon.
You were not hungry.

You visited 1 branch of the dungeon, and saw 3 of its levels.

You collected 134 gold pieces.

Inventory:

Hand weapons
 a - a +0 flail (weapon)
 p - a +0 giant spiked club
Missiles
 l - 4 large rocks (quivered)
Armour
 b - a +0 robe (worn)
 c - a +0 shield (worn)
Scrolls
 f - 4 scrolls of identify {unknown}
 h - a scroll of noise {unknown}
 j - a scroll of remove curse {unknown}
 m - 2 scrolls of teleportation {unknown}
 q - a scroll of recharging {unknown}
Potions
 d - a potion of might
 g - a potion of cure mutation {unknown}
 i - 2 potions of curing {unknown}
 k - a potion of brilliance {unknown}
 n - a potion of flight {unknown}
Comestibles
 e - 4 bread rations


   Skills:
 + Level 5.4 Fighting
 * Level 5.9 Maces & Flails
 - Level 2.6 Dodging
 - Level 2.6 Shields


You had 4 spell levels left.
You didn't know any spells.

Dungeon Overview and Level Annotations

Branches:
Dungeon (3/15)

Altars:
Ashenzari
Nemelex Xobeh

Annotations:
D:3 Natasha


Innate Abilities, Weirdness & Mutations

You are too large for most types of armour.
You have tough skin (AC +1).


Message History

You block Natasha's attack. Natasha claws you.
* * * LOW HITPOINT WARNING * * *
You see here a rat corpse.
You closely miss Natasha.
Natasha is moderately wounded.
You block Natasha's attack.
Natasha stares at thin air and mumbles some strange words.
A cloud of flames roars to life!
You sock Natasha!
Natasha is severely wounded.
Natasha casts a spell at you.
You feel yourself slow down.
The crimson imp shouts, "Fly, thou dankish unchin-snouted strumpet!"
You closely miss Natasha.
Natasha is severely wounded.
The white imp disappears in a puff of smoke!
Natasha casts a spell at you. The magic dart hits you!
You die...

# #.# # #[# # #.#
####.#.# . ..##.#.#
..# # #.##§#.# #..
#.#####.##.#.# ##.
.# ...##.##@#5#
^##..# #.##.##h#b#
..##.#####.....b5#.#
^..#.##.....#....5.#
'.##.##.###.########
###..##.# #.####
.....##.# #....#
##...##.# #.##.#
.###...†######.#


You could see Natasha, a crimson imp, a shadow imp and a bat.

Vanquished Creatures
  An ogre (D:3)
  An adder (D:2)
  2 worms
  2 giant geckos
  A ball python (D:1)
  6 bats
  3 giant cockroaches
  8 goblins
  3 hobgoblins
  8 jackals (D:1)
  2 giant newts
  A kobold (D:1)
  7 rats
45 creatures vanquished.

Notes
Turn   | Place    | Note
--------------------------------------------------------------
     0 | D:1      | urechis the Ogre Fighter began the quest for the Orb.
     0 | D:1      | Reached XP level 1. HP: 24/24 MP: 1/1
    30 | D:1      | Reached XP level 2. HP: 26/32 MP: 2/2
   355 | D:1      | Reached XP level 3. HP: 35/40 MP: 3/3
   702 | D:2      | Found a shattered altar of Ashenzari.
  1533 | D:3      | Noticed an ogre
  1546 | D:3      | Killed an ogre
  1546 | D:3      | Reached skill level 5 in Fighting
  1546 | D:3      | Reached skill level 5 in Maces & Flails
  1546 | D:3      | Reached XP level 4. HP: 17/50 MP: 4/4
  1546 | D:3      | Reached XP level 5. HP: 19/57 MP: 5/5
  1759 | D:3      | Found a sparkling altar of Nemelex Xobeh.
  1807 | D:3      | Noticed Natasha
  1822 | D:3      | Killed from afar by Natasha

Vault maps used:
D:1:      dpeg_arrival_rooms_a
D:2:      lemuel_crystal_altar, first_bread, corexii_corridor_pit,
          kennysheep_crisscross
D:3:      minmay_statues_item, nemelex_spade_bored_becter, uniq_natasha

Action                   |  1- 3 |  4- 6 || total
-------------------------+-------+-------++-------
Melee: Flail             |   129 |    23 ||   152
 Stab: Distracted        |     1 |       ||     1
  Eat: Chunk             |     2 |     1 ||     3
